 Dungeon Crawl Stone Soup version 0.29-a0-284-gf9362112df (webtiles) character file.

Game seed: 10203730502309804438

21 being54 the Shield-Bearer (level 2, -5/19 HPs)
             Began as a Gargoyle Fighter on Mar 21, 2022.
             Killed by divine providence
             ... invoked by an orc priest
              (9 damage)
             ... on level 2 of the Dungeon.
             The game lasted 00:01:09 (887 turns).

being54 the Shield-Bearer (Gargoyle Fighter)         Turns: 887, Time: 00:01:10

Health: -5/19      AC: 10    Str: 19    XL:     2   Next: 83%
Magic:  2/2        EV:  9    Int:  8    God:
Gold:   54         SH:  4    Dex:  9    Spells: 1/1 levels left

rFire   . . .      SeeInvis .   a - +0 flail
rCold   . . .      Faith    .   c - +0 buckler
rNeg    + . .      Spirit   .   b - +0 scale mail
rPois   ∞          Reflect  .   g - +0 helmet
rElec   +          Harm     .   (no cloak)
rCorr   .          Rampage  .   (no gloves)
Will    .....                   (no boots)
Stlth   ..........              (no amulet)
HPRegen 0.06/turn               (no ring)
MPRegen 0.08/turn               (no ring)

@: no status effects
A: sickness immunity, AC +2, negative energy resistance 1, electricity
resistance, torment resistance 1, petrification resistance
a: no special abilities


You were on level 2 of the Dungeon.
You visited 1 branch of the dungeon, and saw 2 of its levels.

You collected 54 gold pieces.

Inventory:

Hand Weapons
 a - a +0 flail (weapon)
Armour
 b - a +0 scale mail (worn)
 c - a +0 buckler (worn)
 g - a +0 helmet (worn)
Potions
 d - a potion of might
 e - a potion of lignification
 f - a potion of curing {unknown}
 i - a potion of berserk rage {unknown}


   Skills:
 + Level 3.5 Fighting
 + Level 2.3 Maces & Flails
 + Level 3.6 Armour
 + Level 3.6 Shields


You had one spell level left.
You didn't know any spells.
Your spell library contained the following spells:

 Spells                   Type           Power      Damage    Failure   Level
 Gell's Gravitas          Tloc           0%         N/A       99%         3
 Lesser Beckoning         Tloc           0%         N/A       99%         3
 Teleport Other           Tloc           0%         N/A       99%         3


Dungeon Overview and Level Annotations

Branches:
Dungeon (2/15)

Altars:


Innate Abilities, Weirdness & Mutations

You are immune to sickness and miasma.
Your stone body is resilient. (AC +2)
You are immune to poison.
You resist negative energy. (rN+)
You are resistant to electric shocks. (rElec)
You are resistant to unholy torment.
You are immune to petrification.


Message History

The bat hits you but does no damage.
An orc comes into view. It is wielding a +0 club.
Found a stone staircase leading up.
The orc shouts!
The bat barely misses you.
An orc comes into view. It is wielding a +0 war axe.
Found 9 gold pieces.
The orc shouts!
The bat hits you but does no damage.
The orc priest looks braver for a moment.
You closely miss the orc priest. The bat hits you but does no damage.
You closely miss the orc priest. The bat closely misses you.
The orc priest hits you with a +0 dagger.
The bat hits you but does no damage.
You completely miss the orc priest. The bat barely misses you.
The orc priest hits you with a +0 dagger.
The orc priest invokes the aid of Beogh against you.
Pain shoots through your body!
You hit the orc priest.
The orc priest is moderately wounded.
The bat hits you. The orc priest closely misses you. The orc barely misses you.
You block the orc's attack.
You hit the orc priest.
The orc priest is heavily wounded.
You block the bat's attack. The orc priest closely misses you.
The orc hits you with a +0 club. The orc hits you but does no damage.
You closely miss the orc priest.
The orc priest is heavily wounded.
The bat hits you but does no damage.
A kobold comes into view. It is wielding a +0 short sword.
The orc hits you but does no damage. The orc priest barely misses you.
The orc hits you with a +0 flail.
* * * LOW HITPOINT WARNING * * *
The orc priest hits you with a +0 dagger.
* * * LOW HITPOINT WARNING * * *
The orc barely misses you.
The orc priest hits you but does no damage.
The orc priest invokes the aid of Beogh against you.
Beogh smites you!
You die...

##########.
..K.....................
...........<..........##
.............########.##
.............+.........#
.............########.##
............$ ..........
......ooo.##############
......o@b.##............
......o...##.###########
...........'..# #........
...........#..###........
.........>.#..#..........
........(..#..#.#....####
...........#..#...#<.....
...........#..###.#..####
...........#......#......


You could see 2 orc priests, 3 orcs, a bat and a kobold (wandering).

Vanquished Creatures
  2 dart slugs (D:1)
  An endoplasm (D:1)
  2 goblins (D:1)
  3 kobolds (D:1)
  2 quokkas (D:1)
  4 ball pythons
  A frilled lizard (D:2)
  A rat (D:1)
16 creatures vanquished.

Notes
Turn   | Place    | Note
-------+----------+-------------------------------------------
     0 | D:1      | being54 the Gargoyle Fighter began the quest for the Orb.
     0 | D:1      | Reached XP level 1. HP: 14/14 MP: 1/1
   150 | D:1      | Reached XP level 2. HP: 13/19 MP: 2/2
   887 | D:2      | Killed from afar by an orc priest

Illustrated notes

Levels and vault maps discovered:
D:1:      minmay_arrival_stone_box, layout_loops_cross
D:2:      layout_basic, shapermc_ecumenical_altar_mp_urbaneastern

Action                   || total
-------------------------++-------
Melee: Flail             ||    64
  Use: Scroll            ||     2
Armor: Scale mail        ||    40
Dodge: Dodged            ||    43
Block: Buckler           ||    20

Table legend: (Time is in decaauts)
 A = Elapsed time spent in this place.
 B = Non-inter-level travel time spent in this place.
 C = Inter-level travel time spent in this place.
 D = Time resting spent in this place.
 E = Time spent auto-exploring this place.
 F = Levels seen in this place.
 G = Mean time per level.
                   A        B        C        D        E       F      G
               +--------+--------+--------+--------+--------+-----+--------+
         Total |    907 |    877 |     30 |    101 |    625 |   2 |  453.5 |
       Dungeon |    907 |    877 |     30 |    101 |    625 |   2 |  453.5 |
               +--------+--------+--------+--------+--------+-----+--------+

Top non-repeatable levels by time:
     D:1: 769 daAuts
     D:2: 137 daAuts
